Map: Oxide LE

Players

GunGFuBanDa - Winner!

  • Race: Protoss Protoss
  • League: Grandmaster

uwuThermal (uThermal)

  • Race: Terran Terran
  • League: Master

Event: DreamHack SC2 Masters 2021 Summer

VOD

Have the link to the VOD?

Description

Time

  • Played on: June 2, 2021, 1:53 p.m.
  • Length: 7:58

All games in this series

Show
View Real Time Build Order
Export as new Build Order

GunGFuBanDa Protoss - Winner!

Build Orders: 1 Gate Expand, Blink Stalkers, Colossus Rush 

Get SALT Encoding   

  12  0:00  Probe  
  13  0:12  Probe  
  14  0:17  Pylon  
  14  0:24  Probe (Chrono Boost)  
  15  0:36  Probe (Chrono Boost)  
  15  0:37  Gateway  
  16  0:45  Probe (Chrono Boost)  
  16  0:46  Assimilator  
  17  0:50  Probe  
  18  1:03  Probe  
  19  1:15  Probe  
  20  1:24  Cybernetics Core  
  20  1:33  Nexus  
  20  1:36  Probe  
  21  1:45  Pylon  
  21  1:48  Probe  
  21  1:52  Assimilator  
  22  2:00  Probe (Chrono Boost)  
  23  2:03  Adept (Chrono Boost)  
  23  2:05  Warp Gate  
  25  2:12  Probe (Chrono Boost)  
  26  2:17  Probe (Chrono Boost)  
  27  2:28  Probe  
  27  2:29  Sentry (Chrono Boost)  
  30  2:31  Gateway  
  30  2:43  Probe (Chrono Boost), Twilight Council  
  31  2:45  Probe (Chrono Boost)  
  32  2:52  Stalker  
  32  2:55  Probe (Chrono Boost)  
  32  2:56  Probe (Chrono Boost)  
  36  3:02  Probe  
  36  3:04  Probe  
  38  3:06  Shield Battery  
  38  3:14  Probe (Chrono Boost)  
  38  3:17  Probe (Chrono Boost)  
  38  3:18  Blink (Chrono Boost)  
  40  3:26  Probe (Chrono Boost)  
  41  3:28  Pylon  
  42  3:34  Probe (Chrono Boost)  
  42  3:35  Probe (Chrono Boost)  
  42  3:36  Robotics Facility  
  42  3:40  Probe  
  42  3:41  Probe  
  45  3:48  Assimilator  
  45  3:51  Assimilator  
  45  3:52  Probe  
  45  3:53  Probe, Pylon  
  45  3:54  Sentry  
  49  4:01  Pylon  
  49  4:04  Probe  
  49  4:05  Probe  
  51  4:12  Stalker  
  54  4:18  Probe  
  54  4:22  Gateway x2  
  54  4:24  Observer (Chrono Boost)  
  55  4:33  Robotics Bay  
  55  4:37  Stalker  
  57  4:41  Forge  
  57  4:42  Pylon  
  57  4:44  Immortal (Chrono Boost)  
  61  5:03  Probe  
  62  5:08  Stalker  
  62  5:09  Stalker  
  62  5:13  Pylon  
  64  5:14  Pylon  
  64  5:17  Protoss Ground Weapons Level 1 (Chrono Boost)  
  64  5:18  Colossus (Chrono Boost)  
  70  5:32  Gateway, Charge  
  70  5:34  Gateway  
  70  5:41  Stalker x2  
  70  5:42  Zealot x2  
  78  5:44  Observer  
  78  6:02  Colossus (Chrono Boost), Zealot x2  
  82  6:08  Observer  
  88  6:18  Pylon  
  88  6:23  Stalker x2  
  88  6:24  Zealot x2  
  88  6:28  Nexus  
  86  6:39  Probe x2  
  88  6:42  Warp Prism (Chrono Boost)  
  88  6:45  Observer  
  90  6:48  Sentry x2  
  94  6:57  Stalker  
  94  6:58  Zealot, Stalker  
  94  6:59  Probe  
  94  7:01  Shield Battery  
  101  7:04  Probe  
  102  7:13  Pylon  
  102  7:16  Pylon  
  102  7:25  Pylon  
  108  7:46  Zealot x6  
Show
View Real Time Build Order
Export as new Build Order

uwuThermal Terran 

Build Orders:  

Get SALT Encoding   

  12  0:00  SCV  
  13  0:12  SCV  
  14  0:17  Supply Depot  
  14  0:24  SCV  
  15  0:39  SCV  
  15  0:40  Barracks  
  16  0:43  Refinery  
  16  0:51  SCV  
  17  1:03  SCV  
  18  1:15  SCV  
  19  1:28  Orbital Command  
  19  1:30  Barracks Reactor  
  19  1:41  Command Center  
  20  1:54  SCV  
  20  1:55  Supply Depot  
  20  2:06  Marine x2  
  20  2:07  SCV  
  23  2:14  Barracks  
  23  2:19  SCV  
  24  2:23  Marine  
  24  2:24  Marine  
  24  2:28  Barracks  
  26  2:31  SCV  
  27  2:42  Marine x2  
  27  2:43  SCV  
  30  2:55  Orbital Command, SCV  
  31  3:00  Marine x2  
  31  3:01  Barracks Tech Lab  
  33  3:07  SCV  
  34  3:15  Barracks Tech Lab  
  34  3:18  Marine x2  
  34  3:19  Marine, Stimpack  
  37  3:20  SCV x2  
  37  3:24  Supply Depot  
  39  3:32  SCV x2  
  41  3:36  Marauder, Marine x2  
  41  3:41  Engineering Bay  
  45  3:42  Marine  
  45  3:46  SCV  
  45  3:48  Supply Depot  
  47  3:49  SCV  
  47  3:53  Marine, Combat Shield  
  47  3:54  Marine  
  50  3:58  Marauder  
  50  4:00  Marauder  
  50  4:01  Supply Depot  
  54  4:07  Missile Turret  
  54  4:09  SCV  
  55  4:11  Marine, Missile Turret  
  55  4:12  Marine  
  57  4:17  SCV  
  57  4:19  Marine  
  57  4:21  SCV, Marine  
  57  4:22  Refinery  
  61  4:25  Supply Depot  
  61  4:29  SCV, Marine  
  61  4:30  Marine  
  64  4:33  SCV  
  64  4:37  Factory  
  64  4:38  Marine  
  66  4:39  Marine  
  66  4:41  SCV  
  68  4:45  SCV  
  68  4:47  Supply Depot  
  68  4:51  Marine x2  
  71  4:54  SCV  
  71  4:56  Marine  
  71  4:57  Marine  
  74  5:02  Terran Infantry Weapons Level 1  
  74  5:03  SCV  
  74  5:04  Refinery  
  74  5:05  Refinery  
  74  5:06  SCV  
  74  5:09  Marine  
  74  5:13  Marine  
  78  5:15  Supply Depot  
  78  5:18  SCV  
  78  5:19  SCV  
  82  5:24  Starport  
  82  5:25  Marine x2  
  80  5:29  Factory Reactor  
  80  5:30  SCV  
  80  5:31  SCV  
  82  5:36  Marine x2  
  82  5:42  SCV  
  85  5:46  Command Center  
  85  5:48  Marine x2  
  86  5:50  SCV  
  86  5:56  Marine  
  87  5:57  SCV  
  87  6:00  Marine, Supply Depot  
  87  6:02  SCV  
  88  6:10  Medivac  
  90  6:11  Barracks  
  90  6:12  Factory Tech Lab, Barracks  
  90  6:13  Medivac  
  84  6:19  Marine  
  84  6:20  Marauder  
  84  6:24  Marine  
  84  6:25  Marauder  
  73  6:29  SCV  
  73  6:30  Siege Tank  
  73  6:31  Concussive Shells  
  73  6:32  SCV  
  67  6:40  Medivac  
  67  6:41  Marauder  
  67  6:42  Marine  
  67  6:43  Marine, Medivac  
  77  6:47  Marauder  
  77  6:52  SCV  
  77  6:58  Orbital Command  
  77  6:59  Barracks Reactor, Barracks Tech Lab  
  77  7:01  Marine x2  
  77  7:05  Siege Tank  
  77  7:06  Marine  
  77  7:08  Marine  
  84  7:11  SCV  
  84  7:12  SCV  
  86  7:18  Marine  
  86  7:19  Marine  
  86  7:20  Marine  
  89  7:23  Orbital Command, SCV, Supply Depot  
  89  7:24  SCV, Marauder  
  89  7:26  Marauder  
  95  7:35  SCV  
  95  7:36  SCV, Marine  
  98  7:38  Marine x3  
Tags
 
Add a new tag
Caveats
  • Supply blocks, unpowered buildings, or Contaminate may cause inaccurate times.
  • Supply counts are checked every 10 seconds.